 Dungeon Crawl Stone Soup version 0.27.1-1-g398f81649c (webtiles) character file.

Game seed: 14853741541094840858

8 Kala the Grave Robber (level 2, 10/22 HPs)
             Began as a Deep Dwarf Necromancer on Sept 7, 2021.
             Got out of the dungeon alive.
             The game lasted 00:01:30 (177 turns).

Kala the Grave Robber (Deep Dwarf Necromancer)       Turns: 177, Time: 00:01:30

Health: 10/22      AC:  2    Str: 11    XL:     2   Next: 0%
Magic:  1/4        EV: 12    Int: 15    God:
Gold:   6          SH:  0    Dex: 13    Spells: 3/4 levels left

rFire    . . .     SeeInvis .   (no weapon)
rCold    . . .     Faith    .   (no shield)
rNeg     . . .     Spirit   .   a - +0 robe
rPois    .         Reflect  .   (no helmet)
rElec    .         Harm     .   (no cloak)
rCorr    .         Rampage  .   (no gloves)
Will     .....                  (no boots)
Stlth    ++........             (no amulet)
HPRegen  0.00/turn              (no ring)
MPRegen  0.09/turn              (no ring)

@: no status effects
A: damage resistance, heal wounds, sense surroundings 1, no regeneration
a: Heal Wounds


You escaped.
You visited 1 branch of the dungeon, and saw 1 of its levels.

You collected 6 gold pieces.

Inventory:

Armour
 a - a +0 robe (worn)


   Skills:
 + Level 2.2 Dodging
 + Level 2.4 Stealth
 + Level 1.8 Spellcasting
 + Level 4.8 Necromancy


You had 3 spell levels left.
You knew the following spells:

 Your Spells              Type           Power      Damage    Failure   Level
a - Pain                  Necr           60%        1d7       3%          1

Your spell library contained the following spells:

 Spells                   Type           Power      Damage    Failure   Level
 Animate Skeleton         Necr           30%        N/A       3%          1
 Vampiric Draining        Necr           7%         2d7       10%         3
 Animate Dead             Necr           7%         N/A       30%         4
 Agony                    Necr           15%        N/A       65%         5


Dungeon Overview and Level Annotations

Branches:
Dungeon (1/15)

Altars:


Innate Abilities, Weirdness & Mutations

You are resistant to damage.
You can heal yourself by infusing magical energy.
You passively map a small area around you.
You do not regenerate.


Message History

The quokka barely misses you.
There is a staircase leading out of the dungeon here.
Aiming: Pain (safe; 3% risk of failure)
Press: ? - help, Q - select action, (/) - cycle Shift-Dir - straight line, f - quokka
Aim: a quokka (chance to affect: 85%)
The quokka writhes in agony.
The quokka barely misses you. x2
There is an open door here.
The quokka closely misses you.
There is an open door here.
The quokka bites you.
Aiming: Pain (safe; 3% risk of failure)
Press: ? - help, Q - select action, (/) - cycle Shift-Dir - straight line, f/p - quokka
Aim: a quokka (almost dead, chance to affect: 85%)
The quokka writhes in agony.
You kill the quokka!
An endoplasm comes into view.
Aiming: Pain (safe; 3% risk of failure)
Press: ? - help, Q - select action, (/) - cycle Shift-Dir - straight line, f - hobgoblin
Aim: a hobgoblin (chance to affect: 85%)
The hobgoblin writhes in agony.
There is an open door here.
There is an open door here.
Aiming: Pain (safe; 3% risk of failure)
Press: ? - help, Q - select action, (/) - cycle Shift-Dir - straight line, f/p - hobgoblin
Aim: a hobgoblin (moderately wounded, chance to affect: 85%)
The hobgoblin barely resists.
The hobgoblin closely misses you.
There is a staircase leading out of the dungeon here.
There is an open door here.
Aiming: Pain (safe; 3% risk of failure)
Press: ? - help, Q - select action, (/) - cycle Shift-Dir - straight line, f/p - hobgoblin
Aim: a hobgoblin (moderately wounded, chance to affect: 85%)
The hobgoblin writhes in agony.
You kill the hobgoblin!
You have reached level 2!
There is an open door here.
There is a staircase leading out of the dungeon here.
Are you sure you want to leave the Dungeon?
This will make you lose the game!
You have escaped!

* , , * , , , , #, * ≈ ≈
* # , ,, *. ≈≈ * .*, ,,,
##.* ,,, .##
#.#########+#########.#
,
#.#..#...........#..#.#
#.'..'.....@.....'..'.#,
**
#.#..#...........#..#.#
#.#########+#########.#
, ##.# #.......# #.##,
,, #.## #≈≈...≈≈# ##†#,
, , ,
##.####≈≈≈§≈≈≈####.## ,
,,##...####'####...## ,
* , , ####.........####*
, * #####)#####


There were no monsters in sight!

Vanquished Creatures
  A dart slug (D:1)
  A hobgoblin (D:1)
  A kobold (D:1)
  A quokka (D:1)
  A ball python (D:1)
  A rat (D:1)
6 creatures vanquished.

Notes
Turn   | Place    | Note
-------+----------+-------------------------------------------
     0 | D:1      | Kala the Deep Dwarf Necromancer began the quest for the
                  | Orb.
     0 | D:1      | Reached XP level 1. HP: 15/15 MP: 3/3
   168 | D:1      | Reached XP level 2. HP: 10/22 MP: 0/4
   177 | D:$      | Got out of the dungeon alive.

Illustrated notes

Levels and vault maps discovered:
D:1:      dpeg_arrival_yet_another_circle, layout_loops_cross

Action                   || total
-------------------------++-------
Melee: Unarmed           ||     7
 Cast: Pain              ||    14
Armor: Robe              ||     6
Dodge: Dodged            ||    27
